Map: Golden Wall LE

Players

HeroMarine - Winner!

  • Race: Terran Terran
  • Spawn Location: 5:00

LiquidTLO (TLO)

  • Race: Zerg Zerg
  • League: Grandmaster
  • Spawn Location: 7:00

Event: StayAtHomestory Cup #1

VOD

Have the link to the VOD?

Description

Time

  • Played on: April 10, 2020, 3:16 p.m.
  • Length: 5:49

All games in this series

Show
View Real Time Build Order
Export as new Build Order

HeroMarine Terran - Winner!

Build Orders: Reaper Expand 

Get SALT Encoding   

  12  0:00  SCV  
  13  0:12  SCV  
  14  0:17  Supply Depot  
  14  0:24  SCV  
  15  0:38  SCV  
  15  0:40  Barracks  
  16  0:43  Refinery  
  16  0:51  SCV  
  17  1:03  SCV  
  18  1:15  SCV  
  19  1:27  Orbital Command, Reaper  
  20  1:41  Command Center  
  20  1:49  Supply Depot  
  20  1:52  SCV  
  21  1:59  Marine  
  22  2:04  SCV  
  23  2:12  Factory  
  23  2:16  SCV  
  23  2:22  Barracks Reactor  
  24  2:24  Bunker  
  24  2:26  Refinery  
  24  2:29  SCV  
  25  2:42  SCV  
  25  2:43  Bunker  
  26  2:54  SCV  
  26  2:56  Orbital Command  
  26  2:58  Factory Tech Lab  
  27  3:00  Marine  
  27  3:01  Marine  
  29  3:12  Starport  
  29  3:21  Cyclone  
  29  3:25  Marine x2  
  34  3:32  SCV x2  
  36  3:38  Supply Depot  
  36  3:44  SCV x2  
  36  3:46  Marine x2  
  40  3:49  Starport Tech Lab  
  40  3:51  Medivac  
  42  3:57  Cyclone  
  45  4:04  Marine x2  
  45  4:09  Bunker  
  47  4:12  SCV x2  
  47  4:16  Supply Depot  
  49  4:22  Marine  
  49  4:23  Marine  
  50  4:25  Orbital Command  
  54  4:34  Siege Tank  
  54  4:37  Supply Depot  
  53  4:40  Marine x2  
  55  4:47  SCV  
  55  4:48  Starport Tech Lab  
  56  4:52  Barracks  
  56  4:58  Marine x2  
  58  5:05  SCV x2  
  58  5:06  Siege Tank  
  66  5:23  Marine x2  
  66  5:27  Supply Depot  
Show
View Real Time Build Order
Export as new Build Order

LiquidTLO Zerg 

Build Orders: Hatch First, Ravager All-In 

Get SALT Encoding   

  12  0:01  Drone  
  13  0:12  Overlord  
  13  0:17  Drone  
  14  0:31  Drone x2  
  16  0:45  Drone  
  17  0:58  Hatchery  
  17  0:59  Drone  
  17  1:06  Drone  
  17  1:08  Extractor  
  17  1:18  Spawning Pool  
  16  1:22  Drone  
  16  1:25  Drone  
  18  1:38  Drone  
  19  1:50  Drone  
  20  1:55  Overlord  
  20  2:07  Queen  
  22  2:12  Queen  
  22  2:15  Roach Warren  
  23  2:24  Extractor  
  23  2:25  Drone  
  23  2:31  Drone x2  
  23  2:35  Overlord  
  25  2:40  Drone  
  26  2:55  Roach x3  
  32  3:03  Queen  
  34  3:10  Roach  
  36  3:18  Ravager x3  
  39  3:22  Roach  
  41  3:28  Overlord  
  41  3:33  Ravager  
  42  3:37  Zergling x2  
  43  3:44  Ravager  
  44  3:49  Zergling x2  
  44  3:54  Zergling x6  
  48  4:00  Metabolic Boost  
  48  4:02  Zergling x4  
  50  4:09  Zergling x2  
  51  4:11  Zergling x2  
  51  4:20  Overlord  
  51  4:27  Overlord  
  51  4:31  Overlord  
  51  4:40  Drone  
  51  4:45  Overlord  
  52  4:52  Roach  
  54  4:53  Roach  
  56  5:06  Spore Crawler  
  55  5:11  Roach  
  57  5:17  Roach x2  
  57  5:18  Ravager x2  
Tags
 
Add a new tag
Caveats
  • Supply blocks, unpowered buildings, or Contaminate may cause inaccurate times.
  • Supply counts are checked every 10 seconds.